 Dungeon Crawl Stone Soup version 0.31-a0-803-g95b03c3367 (webtiles) character file.

Game seed: 3485678398928732317

161 subawu the Ruffian (level 5, -5/41 HPs)
             Began as a Draconian Shapeshifter on Sept 20, 2023.
             Slain by an iguana (13 damage)
             ... on level 4 of the Dungeon.
             The game lasted 00:16:13 (2463 turns).

subawu the Ruffian (Draconian Shapeshifter)         Turns: 2463, Time: 00:16:14

Health: -5/41      AC:  5    Str: 17    XL:     5   Next: 19%
Magic:  4/4        EV: 10    Int: 10    God:
Gold:   148        SH:  7    Dex: 12    Spells: 4/4 levels left

rFire   . .          .
                       - Unarmed
rCold   . . .        k - +0 kite shield
rNeg    . . .        (body armour unavailable)
rPois   .            (helmet currently unavailable)
rElec   .            (cloak currently unavailable)
rCorr   .            (gloves currently unavailable)
SInv    +            e - melded +0 pair of boots
Will    .....        (no amulet)
Stlth   +++          l - ring of see invisible
HPRegen 0.26/turn    (no ring)
MPRegen 0.09/turn

%: no passive effects
@: beast-form
A: beast (slay +2), AC +5, unfitting armour, cold-blooded, camouflage 1, low MP
2, wild magic 1
a: Begin Untransformation


You were on level 4 of the Dungeon.
You were a hulking beast.
You visited 1 branch of the dungeon, and saw 4 of its levels.

You collected 148 gold pieces.

Inventory:

Missiles
 o - a throwing net (quivered)
Armour
 a - a +0 helmet
 e - a +0 pair of boots (melded)
 g - a +0 plate armour
 k - a +0 kite shield (worn)
Jewellery
 l - a ring of see invisible (left hand)
Talismans
 b - a beast talisman (active)
 c - a flux talisman
Scrolls
 f - 2 scrolls of enchant weapon
 h - a scroll of blinking {unknown}
 n - a scroll of identify
Potions
 d - a potion of haste
 p - a potion of enlightenment {unknown}


   Skills:
 + Level 1.9 Fighting
 + Level 2.4 Dodging
 + Level 1.4 Stealth
 + Level 0.5 Shields
 + Level 4.5 Unarmed Combat
 + Level 3.5 Shapeshifting


You had 4 spell levels left.
You didn't know any spells.
Your spell library contained the following spells:

 Spells                   Type           Power      Damage    Failure   Level
 Sandblast                Erth           0%         2d4       82%         1
 Passwall                 Tmut/Erth      0%         N/A       91%         2
 Stone Arrow              Conj/Erth      0%         3d7       99%         3
 Brom's Barrelling Bould  Conj/Erth      0%         2d3       100%        4
 Cause Fear               Hex            0%         N/A       100%        4
 Fireball                 Conj/Fire      0%         3d3       100%        5
 Dragon's Call            Summ           0%         N/A       100%        9


Dungeon Overview and Level Annotations

Branches:
Dungeon (4/15)
 Temple: D:4-7

Altars:
Cheibriados
Vehumet

Shops:
D:1 (

Annotations:
D:4 Sigmund


Innate Abilities, Weirdness & Mutations

You are a hulking beast.
Your limbs bulge with bestial killing power. (Slay +2)
Your plain brown scales are hard. (AC +5)
You cannot fit into any form of body armour.
You are cold-blooded and may be slowed by cold attacks.
Your skin changes colour to match your surroundings (Stealth+).
Your magical capacity is very low. (-20% MP)
Your spells are a little harder to cast, but a little more powerful.


Message History

There is an open door here.
h - a scroll labelled ABOSTRA ZULI
Found a robe.
There is an open gate here.
There is an open gate here.
You see here 5 stones.
There is a stone staircase leading down here.
You climb downwards.
There is a stone staircase leading up here.
Sigmund and an iguana come into view.
The iguana hisses angrily.
You barely miss the iguana. The iguana closely misses you.
You hit the iguana but do no damage.
The iguana bites you but does no damage.
Sigmund barely misses you.
You barely miss the iguana.
Your tail-slap misses the iguana.
You block the iguana's attack.
You barely miss the iguana. Sigmund barely misses you.
You block the iguana's attack.
You closely miss the iguana. Sigmund misses you. The iguana bites you.
You hit the iguana. You tail-slap the iguana.
The iguana is moderately wounded.
The iguana bites you.
Sigmund hits you from afar with a +0 scythe!
You hit the iguana but do no damage.
The iguana is moderately wounded.
The iguana barely misses you.
You hit the iguana.
Your tail-slap misses the iguana.
The iguana is heavily wounded.
Sigmund hits you from afar with a +0 scythe!
The iguana completely misses you.
You closely miss the iguana.
Your tail-slap misses the iguana.
The iguana is heavily wounded.
The iguana bites you!
* * * LOW HITPOINT WARNING * * *
Sigmund misses you.
You hit the iguana but do no damage.
The iguana is heavily wounded.
The iguana bites you!
You die...

#.# .#.# #.#
.#.# #.#
.#.#
#.###...#
#.##....####
+@..........
#l##....#
#h..<...#
######.## #


You could see Sigmund and an iguana.

Vanquished Creatures
  A gnoll bouda (D:3)
  4 gnolls (D:3)
  2 adders
  2 worms
  A dart slug (D:2)
  An orc (D:3)
  5 bats
  5 endoplasms
  A giant cockroach (D:1)
  7 goblins
  9 hobgoblins
  2 jackals (D:1)
  8 kobolds
  2 quokkas
  7 ball pythons
  4 frilled lizards
  7 rats
68 creatures vanquished.

Notes
Turn   | Place    | Note
-------+----------+-------------------------------------------
     0 | D:1      | subawu the Draconian Shapeshifter began the quest for the
                  | Orb.
     0 | D:1      | Reached XP level 1. HP: 16/16 MP: 1/1
   164 | D:1      | Reached XP level 2. HP: 21/23 MP: 2/2
   172 | D:1      | Found a faded altar of an unknown god.
   572 | D:1      | Found Joicapir's Antique Weapon Shoppe.
   585 | D:1      | Reached XP level 3. HP: 26/28 MP: 3/3
   899 | D:2      | Found a snail-covered altar of Cheibriados.
  1109 | D:2      | Reached skill level 1 in Stealth
  1665 | D:3      | Reached skill level 4 in Unarmed Combat
  1665 | D:3      | Reached XP level 4. HP: 35/35 MP: 4/4
  1683 | D:3      | Gained mutation: Your magical capacity is low. (-10% MP)
                  | [potion of mutation]
  1683 | D:3      | Gained mutation: Your spells are a little harder to cast,
                  | but a little more powerful. [potion of mutation]
  1683 | D:3      | Gained mutation: Your magical capacity is very low. (-20%
                  | MP) [potion of mutation]
  1683 | D:3      | Gained mutation: Your skin changes colour to match your
                  | surroundings (Stealth+). [potion of mutation]
  1704 | D:3      | Reached XP level 5. HP: 11/41 MP: 4/4
  2118 | D:3      | Found a radiant altar of Vehumet.
  2239 | D:3      | Identified the +7 short sword of Radicalism {venom, Int+5}
  2452 | D:4      | Noticed Sigmund
  2463 | D:4      | Slain by an iguana

Illustrated notes

Levels and vault maps discovered:
D:1:      dpeg_arrival_another_circle, layout_basic,
          ebering_ecumenical_altar_sacrificial, serial_shops,
          nicolae_shop_scrapyard
D:2:      layout_rooms, basic_altar
D:3:      minmay_chambers_of_threes, layout_loops_cross,
          mainiacjoe_overflow_alcove_4
D:4:      layout_loops_corners, uniq_robin, uniq_menkaure, uniq_sigmund,
          uniq_duvessa

Skill      XL: |  1  2  3 |
---------------+----------+-----
Dodging        | 2 |  2.4
Stealth        | 1 |  1.4
Unarmed Combat | 4 |  4.5
Fighting       | |  1.9
Shields        | |  0.5
Shapeshifting  | |  3.5

Action                     |  1- 3 |  4- 6 || total
---------------------------+-------+-------++-------
  Melee: Unarmed           |   104 |    73 ||   177
         Tailslap          |    16 |     7 ||    23
         Punch             |     1 |       ||     1
  Throw: Throwing net      |       |     2 ||     2
    Use: Potion            |     1 |     3 ||     4
         Scroll            |       |     4 ||     4
   Stab: Sleeping          |     2 |     2 ||     4
 Armour: Skin              |    72 |    77 ||   149
  Dodge: Dodged            |    75 |    51 ||   126
  Block: Kite shield       |    10 |    48 ||    58
         Form:             |     1 |       ||     1
         Beast             |     1 |       ||     1

Table legend: (Time is in decaauts)
 A = Elapsed time spent in this place.
 B = Non-inter-level travel time spent in this place.
 C = Inter-level travel time spent in this place.
 D = Time resting spent in this place.
 E = Time spent auto-exploring this place.
 F = Levels seen in this place.
 G = Mean time per level.
                   A        B        C        D        E       F      G
               +--------+--------+--------+--------+--------+-----+--------+
         Total |   2470 |   2265 |    205 |    141 |    904 |   4 |  617.5 |
       Dungeon |   2470 |   2265 |    205 |    141 |    904 |   4 |  617.5 |
               +--------+--------+--------+--------+--------+-----+--------+

Top non-repeatable levels by time:
     D:3: 1161 daAuts
     D:1: 851 daAuts
     D:2: 444 daAuts
     D:4: 13 daAuts
